 Dungeon Crawl Stone Soup version 0.27-a0-1186-g8b4daa1eef (webtiles) character file.

Game seed: 1431885351228209094

54 voltaire321 the Covered (level 3, 0/26 (30) HPs)
             Began as a Barachi Fighter on May 19, 2021.
             Slain by a wight
             ... wielding a +3 flail
              (9 damage)
             ... on level 3 of the Dungeon.
             The game lasted 00:06:33 (2166 turns).

voltaire321 the Covered (Barachi Fighter)           Turns: 2166, Time: 00:06:34

HP:   0/26 (30)     AC: 11    Str: 18    XL:     3   Next: 91%
MP:   3/3           EV:  3    Int:  8    God:
Gold: 87            SH:  9    Dex: 11    Spells: 2/2 levels left

rFire    . . .     SeeInvis .   a - +0 long sword
rCold    . . .     Faith    .   c - +0 kite shield
rNeg     . . .     Spirit   .   i - +0 plate armour
rPois    .         Reflect  .   (no helmet)
rElec    .         Harm     .   (no cloak)
rCorr    .         Rampage  .   (no gloves)
Will     .....                  (no boots)
Stlth    ..........             (no amulet)
HPRegen  0.08/turn              (no ring)
MPRegen  0.08/turn              (no ring)

@: heavily drained, slow
A: amphibious, slowness 1, strong legs 1, +LOS
a: Hop


You were on level 3 of the Dungeon.
You visited 1 branch of the dungeon, and saw 3 of its levels.

You collected 87 gold pieces.

Inventory:

Hand Weapons
 a - a +0 long sword (weapon)
Missiles
 f - 11 poisoned darts
Armour
 c - a +0 kite shield (worn)
 i - a +0 plate armour (worn)
Scrolls
 h - a scroll of teleportation {unknown}
 j - a scroll of identify {unknown}
 k - a scroll of enchant armour {unknown}
Potions
 b - a potion of haste {unknown}
 d - 3 potions of might
 e - a potion of brilliance {unknown}
 g - a potion of curing {unknown}
 l - a potion of invisibility {unknown}


   Skills:
 + Level 4.1 Fighting
 + Level 3.0 Long Blades
 + Level 4.1 Armour
 + Level 1.3 Dodging
 + Level 3.7 Shields


You had 2 spell levels left.
You didn't know any spells.
Your spell library contained the following spells:

 Spells                   Type           Power      Damage    Failure   Level
 Summon Small Mammal      Summ           0%         N/A       100%        1
 Call Imp                 Summ           0%         N/A       100%        2
 Call Canine Familiar     Summ           0%         N/A       100%        3
 Summon Guardian Golem    Hex/Summ       0%         N/A       100%        3
 Summon Ice Beast         Ice/Summ       0%         N/A       100%        4
 Summon Lightning Spire   Summ/Air       0%         N/A       100%        4


Dungeon Overview and Level Annotations

Branches:
Dungeon (3/15)

Altars:
Yredelemnul

Annotations:
D:3 Robin


Innate Abilities, Weirdness & Mutations

You are amphibious.
You cover ground slowly.
You can hop short distances.
You have an extended range of vision and can be seen from far away.


Message History

There is an open door here.
You open the door.
There is an open door here.
There is a stone staircase leading down here.
You climb downwards.
An adder, 4 goblins, 3 hobgoblins and Robin come into view.
The goblin shouts! x3; The hobgoblin shouts! x3; The adder hisses angrily.
There is a stone staircase leading up here.
You climb upwards.
There is a stone staircase leading down here.
There is an open door here.
There is an escape hatch in the floor here.
There is an open door here.
There is an open door here.
You open the door.
There is an open door here.
There is a stone staircase leading down here.
You climb downwards.
Level annotation: Robin
Found a scroll labelled SICHUU HAMONN and 2 black potions.
There is a stone staircase leading up here.
A wight comes into view. It is wielding a +3 battleaxe.
The wight moves out of view.
A wight comes into view. It is wielding a +3 flail.
The wight moves out of view.
Found a scroll labelled EGILUO VAZITHU.
You hit the wight.
The wight is lightly damaged.
The wight hits you with a +3 battleaxe.
You feel drained. You block the wight's attack.
You closely miss the wight.
The wight is lightly damaged.
The wight hits you but does no damage.
You hit the wight but do no damage.
The wight is lightly damaged.
The wight hits you with a +3 battleaxe!
You feel drained. The wight hits you with a +3 flail.
You feel drained.
There is a stone staircase leading up here.
The wight hits you with a +3 flail!
You die...

#.###^.......#
?.........?..#
.............#
.............#
.............#
.............####.
.....####.........
.... #zz...#### ..
#@....# . #.....#
#.....# #.....#
#.....# #.....#
#.....# #.....#
#...!.#


You could see 2 wights.

Vanquished Creatures
  A worm (D:2)
  2 dart slugs (D:1)
  2 bats (D:1)
  4 endoplasms (D:1)
  3 giant cockroaches (D:1)
  3 goblins
  4 hobgoblins
  13 jackals (D:1)
  2 quokkas
  A ball python (D:2)
  A frilled lizard (D:2)
  2 rats (D:1)
38 creatures vanquished.

Notes
Turn   | Place    | Note
-------+----------+-------------------------------------------
     0 | D:1      | voltaire321 the Barachi Fighter began the quest for the
                  | Orb.
     0 | D:1      | Reached XP level 1. HP: 18/18 MP: 1/1
   109 | D:1      | Reached XP level 2. HP: 20/25 MP: 2/2
   354 | D:1      | Reached skill level 1 in Dodging
   370 | D:1      | Reached XP level 3. HP: 30/30 MP: 3/3
  1126 | D:1      | Found a faded altar of an unknown god.
  1658 | D:2      | Found a basalt altar of Yredelemnul.
  2079 | D:3      | Noticed Robin
  2166 | D:3      | Slain by a wight

Illustrated notes

Levels and vault maps discovered:
D:1:      evilmike_arrival_crescent, layout_loops_ring,
          hellmonk_ecumenical_altar_inner_sanctum, minmay_tromino_v4_a
D:2:      layout_basic, basic_altar
D:3:      layout_basic, okawaru_altar_gauntlet_db,
          nicolae_sif_muna_condensation, ebering_dispersal_statue_hall,
          uniq_robin, uniq_ijyb

Skill      XL: |  1  2  3 |
---------------+----------+-----
Dodging        | 1 |  1.3
Armour         | 4 |  4.1
Fighting       | 4 |  4.1
Long Blades    | 3 |  3.0
Shields        | |  3.7

Action                   || total
-------------------------++-------
Melee: Long sword        ||   156
Armor: Scale mail        ||    67
       Plate armour      ||    29
Dodge: Dodged            ||    38
Block: Kite shield       ||   101
       Rpst.: Long sword ||    15

Table legend: (Time is in decaauts)
 A = Elapsed time spent in this place.
 B = Non-inter-level travel time spent in this place.
 C = Inter-level travel time spent in this place.
 D = Time resting spent in this place.
 E = Time spent auto-exploring this place.
 F = Levels seen in this place.
 G = Mean time per level.
                   A        B        C        D        E       F      G
               +--------+--------+--------+--------+--------+-----+--------+
         Total |   2506 |   2320 |    186 |    489 |   1360 |   3 |  835.3 |
       Dungeon |   2506 |   2320 |    186 |    489 |   1360 |   3 |  835.3 |
               +--------+--------+--------+--------+--------+-----+--------+

Top non-repeatable levels by time:
     D:1: 1412 daAuts
     D:2: 1075 daAuts
     D:3: 18 daAuts
